Map: Ruines d’Endion

Players

zidar - Winner!

  • Race: Zerg Zerg
  • League: Gold
  • Spawn Location: 5:00

Volla

  • Race: Protoss Protoss
  • League: Gold
  • Spawn Location: 7:00

VOD

Have the link to the VOD?

Description

Time

  • Played on: June 30, 2016, noon
  • Length: 18:21
Show
View Real Time Build Order
Export as new Build Order

zidar Zerg - Winner!

Build Orders: Pool First, Lurkers 

Get SALT Encoding   

  12  0:02  Drone  
  13  0:12  Overlord  
  13  0:18  Drone  
  14  0:31  Drone x2  
  16  0:43  Spawning Pool  
  16  0:47  Drone  
  16  1:12  Hatchery  
  16  1:15  Drone  
  16  1:21  Extractor, Drone  
  16  1:35  Queen  
  16  1:38  Drone  
  19  1:46  Overlord  
  19  1:51  Drone  
  21  2:01  Drone x2  
  22  2:11  Queen  
  24  2:22  Metabolic Boost  
  24  2:25  Zergling x2  
  24  2:26  Zergling x2  
  24  2:29  Zergling x2  
  27  2:36  Zergling x4  
  29  2:43  Zergling x2  
  30  2:47  Zergling x4  
  32  3:23  Overlord x3  
  32  3:32  Roach Warren  
  27  3:58  Spore Crawler  
  27  4:01  Drone x5  
  27  4:02  Drone x4  
  31  4:15  Spore Crawler  
  30  4:17  Roach x2  
  30  4:23  Extractor  
  33  4:29  Drone  
  33  4:47  Lair  
  33  4:52  Drone x5  
  38  4:53  Drone x3  
  35  5:42  Drone x7  
  42  5:54  Hydralisk Den  
  42  5:55  Overseer  
  41  6:00  Drone x3  
  44  6:04  Extractor  
  44  6:06  Extractor  
  44  6:08  Drone x2  
  44  6:14  Drone x3  
  44  6:15  Drone x2  
  44  6:16  Drone  
  50  6:24  Muscular Augments  
  50  6:30  Queen  
  50  6:32  Evolution Chamber, Drone x3  
  54  6:35  Evolution Chamber  
  55  6:54  Roach x3  
  59  7:08  Overlord  
  59  7:09  Overlord x3  
  59  7:10  Overlord  
  59  7:12  Zerg Ground Armor Level 1  
  59  7:15  Zerg Missile Weapons Level 1  
  59  7:35  Hatchery  
  58  7:39  Hydralisk x5  
  58  7:44  Queen  
  68  7:46  Drone  
  71  7:52  Lurker Den  
  71  8:12  Hydralisk x6  
  73  8:19  Queen  
  85  8:46  Hatchery  
  85  8:55  Drone x6  
  85  8:56  Drone x6  
  96  9:19  Hydralisk x5  
  106  9:30  Zerg Ground Armor Level 2, Zerg Missile Weapons Level 2  
  106  9:33  Glial Reconstitution  
  106  9:58  Lurker x3  
  106  9:59  Lurker x2  
  111  10:09  Extractor  
  111  10:10  Drone x2  
  111  10:11  Extractor  
  111  10:14  Overlord x13  
  111  10:30  Infestation Pit  
  110  10:38  Hatchery  
  110  10:40  Queen  
  111  10:47  Hydralisk x4  
  111  10:48  Hydralisk x2  
  111  10:49  Roach x8  
  139  11:11  Drone  
  139  11:12  Drone  
  141  11:28  Roach x16  
  141  11:31  Lurker  
  141  11:32  Lurker x2  
  176  11:33  Lurker  
  177  11:57  Roach x9  
  177  11:58  Hydralisk  
  197  12:12  Pneumatized Carapace  
  197  12:24  Zergling x6  
  198  13:23  Hive  
  104  14:34  Hydralisk x6  
  104  14:35  Hydralisk x11  
  104  14:37  Roach x9, Hydralisk  
  104  14:38  Roach x2, Hydralisk x14  
  150  15:16  Roach x7  
  150  15:17  Roach x7  
  143  15:31  Overseer  
  131  15:51  Overseer  
  122  16:09  Overseer  
  112  16:42  Roach  
  114  17:05  Drone  
Show
View Real Time Build Order
Export as new Build Order

Volla Protoss 

Build Orders: 1 Gate Expand, Oracle Opening 

Get SALT Encoding   

  12  0:01  Probe (Chrono Boost)  
  13  0:11  Probe (Chrono Boost)  
  14  0:21  Pylon  
  14  0:23  Probe (Chrono Boost)  
  15  0:39  Probe (Chrono Boost)  
  15  0:40  Gateway  
  17  0:50  Probe (Chrono Boost), Assimilator  
  17  1:00  Probe (Chrono Boost)  
  18  1:11  Probe (Chrono Boost)  
  19  1:24  Nexus  
  19  1:36  Cybernetics Core  
  19  1:41  Assimilator  
  19  1:44  Probe (Chrono Boost)  
  20  1:54  Probe (Chrono Boost)  
  21  2:06  Probe (Chrono Boost)  
  22  2:09  Pylon  
  22  2:23  Stargate  
  22  2:26  Warp Gate (Chrono Boost)  
  22  2:27  Adept  
  22  2:29  Probe  
  25  2:42  Probe  
  26  2:48  Probe  
  27  2:51  Adept (Chrono Boost)  
  27  2:53  Pylon  
  29  3:01  Mothership Core, Probe  
  34  3:13  Probe  
  34  3:14  Oracle (Chrono Boost)  
  34  3:19  Adept  
  37  3:29  Pylon  
  37  3:42  Probe x2  
  37  4:07  Probe x2  
  37  4:08  Adept  
  37  4:09  Oracle (Chrono Boost)  
  44  4:17  Assimilator  
  44  4:19  Probe x2  
  47  4:31  Probe x2  
  47  4:35  Gateway  
  47  4:36  Gateway  
  48  4:49  Probe  
  48  4:50  Adept  
  51  5:00  Robotics Facility  
  51  5:02  Probe  
  51  5:03  Probe, Assimilator  
  50  5:33  Robotics Facility  
  50  5:36  Gateway, Probe  
  50  5:38  Stalker  
  50  5:40  Probe  
  54  5:48  Probe  
  54  5:49  Immortal (Chrono Boost)  
  59  5:56  Pylon  
  59  5:59  Gateway, Probe  
  59  6:01  Probe  
  61  6:11  Probe  
  61  6:12  Pylon  
  61  6:18  Stalker x2  
  66  6:31  Immortal (Chrono Boost)  
  66  6:32  Probe x2  
  76  6:33  Immortal (Chrono Boost)  
  76  6:34  Pylon  
  76  6:35  Pylon  
  76  6:42  Sentry  
  78  6:58  Sentry x3  
  84  7:01  Twilight Council  
  84  7:02  Forge  
  84  7:05  Observer (Chrono Boost)  
  89  7:19  Immortal (Chrono Boost)  
  89  7:28  Nexus  
  89  7:42  Templar Archives, Resonating Glaives  
  89  7:44  Protoss Ground Weapons Level 1, Probe  
  89  7:45  Probe  
  91  8:12  Stalker  
  93  8:15  Pylon  
  93  8:17  Psionic Storm, Pylon  
  97  8:34  Robotics Bay  
  97  8:39  Probe, Immortal (Chrono Boost)  
  97  8:41  Probe x2  
  100  8:57  Pylon  
  100  8:58  Pylon  
  100  9:00  Probe  
  100  9:01  Probe  
  102  9:07  High Templar x2  
  102  9:08  High Templar  
  108  9:17  Pylon  
  108  9:23  Extended Thermal Lance (Chrono Boost)  
  108  9:30  Assimilator  
  108  9:31  Probe x2  
  110  9:32  Assimilator  
  110  9:45  Colossus x2  
  121  10:07  Gateway  
  121  10:10  Gateway  
  121  10:14  Stalker x3, Photon Cannon, Pylon  
  127  10:22  Protoss Ground Weapons Level 2  
  127  10:30  Zealot x2  
  131  10:38  Gateway  
  131  10:42  Gateway  
  131  10:47  Zealot x3  
  137  10:55  Disruptor  
  137  10:59  Disruptor  
  137  11:03  High Templar x2  
  147  11:07  Archon  
  147  11:24  Sentry x2  
  151  11:26  Warp Prism  
  151  11:28  High Templar x2  
  157  11:48  Pylon  
  157  11:50  Pylon  
  157  11:52  Pylon  
  157  12:12  Gateway  
  157  12:13  Gateway  
  157  12:16  Nexus, Pylon  
  157  12:21  Observer  
  157  12:23  Observer, Pylon  
  159  12:34  Dark Shrine  
  159  12:38  Protoss Ground Armor Level 1  
  159  12:39  Charge  
  159  12:45  High Templar x5  
  169  13:01  Gateway  
  169  13:03  Gateway  
  169  13:06  Archon x2  
  169  13:08  Zealot x4  
  177  13:26  Phoenix  
  172  13:51  Phoenix  
  165  14:18  Phoenix  
  55  14:40  Dark Templar x3  
  55  14:41  Dark Templar x2  
  61  15:13  Dark Templar  
  61  15:14  Dark Templar x4  
  71  15:27  Probe x2  
  73  15:30  Gateway  
  73  15:31  Gateway  
  73  15:35  Gateway  
  77  15:38  Gateway  
  72  15:48  Dark Templar x2  
  30  16:44  Cybernetics Core  
  30  16:47  Assimilator  
  30  16:52  Assimilator, Pylon  
  30  16:54  Probe x2, Pylon x2  
  31  17:31  Probe x2  
  33  17:41  Probe  
  24  17:52  Probe x2  
  26  18:00  Gateway  
  26  18:03  Gateway  
  26  18:05  Forge  
  26  18:10  Twilight Council  
Tags
 
Add a new tag
Caveats
  • Supply blocks, unpowered buildings, or Contaminate may cause inaccurate times.
  • Supply counts are checked every 10 seconds.